 Dungeon Crawl Stone Soup version 0.31-a0-965-g8a8ce12e04 (webtiles) character file.

Game seed: 17072059293992804901

226 p00ps00p the Trooper (level 6, 0/56 HPs)
             Began as a Hill Orc Fighter on Oct 26, 2023.
             Slain by an iguana (3 damage)
             ... on level 4 of the Dungeon.
             The game lasted 00:05:03 (2506 turns).

p00ps00p the Trooper (Hill Orc Fighter)             Turns: 2506, Time: 00:05:04

Health: 0/56       AC: 15    Str: 21    XL:     6   Next: 1%
Magic:  6/6        EV:  6    Int:  8    God:
Gold:   181        SH:  5    Dex: 16    Spells: 5/5 levels left

rFire   . . .        a - +1 war axe
rCold   + . .        c - +0 buckler
rNeg    . . .        j - +0 plate armour
rPois   .            (no helmet)
rElec   .            f - +0 cloak
rCorr   .            m - +0 pair of gloves
SInv    .            e - +0 pair of boots
Will    .....        (no amulet) Stlth
                     l - +6 ring of dexterity
HPRegen 0.29/turn    n - ring of protection from cold
MPRegen 0.10/turn

%: no passive effects
@: no status effects
A: no striking features
a: no special abilities


You were on level 4 of the Dungeon.
You visited 1 branch of the dungeon, and saw 4 of its levels.

You collected 181 gold pieces.

Inventory:

Hand Weapons
 a - a +1 war axe (weapon)
Armour
 b - a +0 chain mail
 c - a +0 buckler (worn)
 e - a +0 pair of boots (worn)
 f - a +0 cloak (worn)
 j - a +0 plate armour (worn)
 m - a +0 pair of gloves (worn)
Jewellery
 k - a ring of flight
 l - a +6 ring of dexterity (left hand)
 n - a ring of protection from cold (right hand)
Wands
 p - a wand of roots (10)
 q - a wand of light (10)
Scrolls
 o - a scroll of identify
Potions
 d - a potion of might
 g - a potion of degeneration
 h - a potion of attraction
 i - 2 potions of curing
 r - a potion of haste {unknown}


   Skills:
 + Level 5.0 Fighting
 + Level 4.5 Axes
 + Level 4.5 Armour
 + Level 4.5 Shields


You had 5 spell levels left.
You didn't know any spells.
Your spell library contained the following spells:

 Spells                   Type           Power      Damage    Failure   Level
 Magic Dart               Conj           0%         1d3       100%        1
 Call Imp                 Summ           0%         N/A       100%        2
 Mephitic Cloud           Conj/Pois/Air  0%         N/A       100%        3


Dungeon Overview and Level Annotations

Branches:
Dungeon (4/15)
 Temple: D:4-7

Altars:

Shops:
D:1 [   D:3 (


Message History

You slash the gnoll!
You kill the gnoll!
The gnoll hits you but does no damage.
Your Fighting skill increases to level 5!
You have reached level 6!
You hit the goblin.
You kill the goblin!
The gnoll barely misses you.
The jackal bites you but does no damage.
The gnoll hits you from afar with a +0 spear.
The gnoll barely misses you.
Unknown command.
You slash the jackal!
You kill the jackal!
The gnoll hits you but does no damage. x2
Unknown command.
You hit the iguana but do no damage. The gnoll hits you but does no damage.
The iguana bites you! The gnoll barely misses you.
Unknown command.
You are too injured to fight recklessly!
Unknown command.
You are too injured to fight recklessly!
Unknown command.
You are too injured to fight recklessly!
Unknown command.
You are too injured to fight recklessly!
Unknown command.
You are too injured to fight recklessly!
You barely miss the iguana.
The gnoll hits you from afar with a +0 halberd!
* * * LOW HITPOINT WARNING * * *
The iguana closely misses you. The gnoll barely misses you.
You slash the iguana!
The iguana is almost dead.
The gnoll hits you from afar with a +0 halberd!
* * * LOW HITPOINT WARNING * * *
The iguana bites you but does no damage.
You block the gnoll's attack. The gnoll hits you but does no damage.
The iguana bites you.
You die...

##.## #.# #.###.....##...
##...###.###.# #..#..####.
#............###(.#..# #.
##....##..........#..####
##.#....########.#.... .
#.#..#..## #.#...# #.
#...###..# ##.#...#...
#..##g##.#####......#.#.
#....#.l@...##....<......
#..#.##g##.#..............
#..####...####.............
#.##$...$...?##.#...†..#.#.
$####...####..##.....# #
.#.##.##.#..#####...#
....#.#)....#####.###
##.##?##.........†#
#######.#


You could see an iguana and 2 gnolls.

Vanquished Creatures
  A hound (D:3)
  Crazy Yiuf (D:3)
  Jessica (D:2)
  An iguana (D:4)
  An orc wizard (D:3)
  A gnoll (D:4)
  2 adders (D:2)
  A worm (D:4)
  A dart slug (D:1)
  6 orcs (D:3)
  5 ball pythons
  4 bats
  3 endoplasms (D:3)
  A giant cockroach (D:1)
  7 goblins
  2 hobgoblins
  A jackal (D:4)
  3 kobolds
  2 quokkas
  9 rats
53 creatures vanquished.

Notes
Turn   | Place    | Note
-------+----------+-------------------------------------------
     0 | D:1      | p00ps00p the Hill Orc Fighter began the quest for the Orb.
     0 | D:1      | Reached XP level 1. HP: 19/19 MP: 1/1
   196 | D:1      | Reached XP level 2. HP: 27/27 MP: 2/2
   815 | D:1      | Found Bamibi Elau's Antique Armour Shop.
   929 | D:2      | Reached skill level 4 in Fighting
   929 | D:2      | Reached XP level 3. HP: 33/33 MP: 3/3
   933 | D:2      | Noticed Jessica
   942 | D:2      | Killed Jessica
   943 | D:2      | Reached XP level 4. HP: 31/40 MP: 4/4
  1164 | D:2      | You are sucked into a shaft and drop 2 floors!
  1582 | D:3      | Reached XP level 5. HP: 47/47 MP: 5/5
  1637 | D:3      | Found Moosohiz's Antique Weapon Emporium.
  1991 | D:3      | Found a runed translucent door.
  1992 | D:3      | Noticed Crazy Yiuf
  2389 | D:3      | Killed Crazy Yiuf
  2502 | D:4      | Reached skill level 5 in Fighting
  2502 | D:4      | Reached XP level 6. HP: 35/56 MP: 6/6
  2506 | D:4      | Slain by an iguana

Illustrated notes

Levels and vault maps discovered:
D:1:      ncdulo_lavacross, layout_loops_corners, serial_shops, shop
D:2:      layout_rooms, uniq_jessica
D:3:      layout_loops_ring, serial_shops, nicolae_shop_back_alley_shop,
          uniq_crazy_yiuf_cottage
D:4:      layout_loops_ring, elyvilon_altar_1,
          nicolae_concentric_dashed_squares_mild,
          minmay_fractal_squares_gapless_5

Skill      XL: |  1  2  3  4  5 |
---------------+----------------+-----
Axes           | 3 4 |  4.5
Fighting       | 4 5 |  5.0
Armour         | 4 |  4.5
Shields        | 4 |  4.5

Action                     |  1- 3 |  4- 6 || total
---------------------------+-------+-------++-------
  Melee: War axe           |    47 |    73 ||   120
    Use: Scroll            |     2 |     5 ||     7
         Potion            |       |     1 ||     1
 Armour: Scale mail        |    42 |     5 ||    47
         Plate armour      |       |    61 ||    61
  Dodge: Dodged            |    15 |    21 ||    36
  Block: Buckler           |     8 |    11 ||    19

Table legend: (Time is in decaauts)
 A = Elapsed time spent in this place.
 B = Non-inter-level travel time spent in this place.
 C = Inter-level travel time spent in this place.
 D = Time resting spent in this place.
 E = Time spent auto-exploring this place.
 F = Levels seen in this place.
 G = Mean time per level.
                   A        B        C        D        E       F      G
               +--------+--------+--------+--------+--------+-----+--------+
         Total |   2544 |   2425 |    119 |     30 |   1891 |   4 |  636.0 |
       Dungeon |   2544 |   2425 |    119 |     30 |   1891 |   4 |  636.0 |
               +--------+--------+--------+--------+--------+-----+--------+

Top non-repeatable levels by time:
     D:3: 1026 daAuts
     D:1: 929 daAuts
     D:2: 418 daAuts
     D:4: 169 daAuts
